 Dungeon Crawl Stone Soup version 0.22-a0-565-gfc6459a (webtiles) character file.

1427 Hebeh the Cleaver (level 8, 0/70 HPs)
             Began as a Minotaur Fighter on June 28, 2018.
             Was an Initiate of Trog.
             Succumbed to a water moccasin's poison
             ... on level 5 of the Dungeon.
             The game lasted 00:18:00 (5284 turns).

Hebeh the Cleaver (Minotaur Fighter)                Turns: 5284, Time: 00:18:06

Health: 0/70       AC:  7    Str: 22    XL:     8   Next: 44%
Magic:  7/7        EV:  8    Int:  5    God:    Trog [......]
Gold:   211        SH: 11    Dex: 11    Spells: 7/7 levels left

rFire    . . .     SeeInvis .   b - +3 hand axe (freeze)
rCold    . . .     Gourm    .   c - +1 shield
rNeg     . . .     Faith    .   m - +0 scale mail
rPois    .         Spirit   .   (helmet restricted)
rElec    .         Reflect  .   (no cloak)
rCorr    .         Harm     .   (no gloves)
MR       .....                  (no boots)
Stlth    ..........             (no amulet)
HPRegen  0.21/turn              x - ring of flight
MPRegen  0.10/turn              (no ring)

@: lethally poisoned (0 -> -9)
A: retaliatory headbutt, horns 2
a: Renounce Religion, Evoke Flight


You were on level 5 of the Dungeon.
You worshipped Trog.
Trog was noncommittal.
You were not hungry.

You visited 2 branches of the dungeon, and saw 7 of its levels.

You collected 211 gold pieces.

Inventory:

Hand Weapons
 a - a +0 war axe
 b - a +3 hand axe of freezing (weapon)
 r - a +0 flail of protection
Missiles
 A - 3 javelins (quivered)
Armour
 c - a +1 shield (worn)
 m - a +0 scale mail (worn)
Jewellery
 x - a ring of flight (left hand)
Wands
 v - a wand of acid (10)
 y - a wand of digging (6)
 C - a wand of iceblast (5)
 E - a wand of paralysis (5)
Scrolls
 e - a scroll of identify
 k - 2 scrolls of blinking
 q - a scroll of remove curse
Potions
 d - a potion of might
 g - 3 potions of curing
 j - a potion of lignification {unknown}
 l - a potion of degeneration {unknown}
 p - a potion of haste {unknown}
 u - a potion of invisibility {unknown}
 z - a potion of flight
Comestibles
 f - 14 rations
 h - a chunk of flesh


   Skills:
 + Level 6.1 Fighting
 * Level 8.5 Axes
 + Level 6.7 Armour
 - Level 1.5 Dodging
 - Level 1.1 Stealth
 + Level 6.1 Shields


You had 7 spell levels left.
You didn't know any spells.
Your spell library was empty.

Dungeon Overview and Level Annotations

Branches:
Dungeon (6/15)             Temple (1/1) D:5

Altars:
Ashenzari
Cheibriados
Dithmenos
Elyvilon
Fedhas
Hepliaklqana
Kikubaaqudgha
Makhleb
Nemelex Xobeh
Okawaru
Qazlal
Ru
Sif Muna
Trog
Uskayaw
Xom
Yredelemnul
Zin
The Shining One


Innate Abilities, Weirdness & Mutations

You reflexively headbutt those who attack you in melee.
You have a pair of horns on your head.


Message History

The orc warrior is heavily wounded.
You hit the water moccasin.
The water moccasin seems to slow down.
You freeze the water moccasin.
You feel sick. You block the orc warrior's attack.
The water moccasin bites you.
You hit the orc warrior but do no damage.
The orc warrior is heavily wounded.
You closely miss the water moccasin.
You feel sick.
The orc warrior hits you with a long sword of electrocution!
You are too injured to fight recklessly!
You are too injured to fight recklessly!
Unknown command.
You are too injured to fight recklessly!
You are too injured to fight recklessly!
You feel sick. You block the water moccasin's attack.
The orc warrior hits you with a long sword of electrocution!
* * * LOW HITPOINT WARNING * * *
You are electrocuted!
* * * LOW HITPOINT WARNING * * *
You climb upwards.
You die...

......#....≈≈≈..#.#####
........#######.......#
....#..### #.......#
....#....#### #.......#
##.....#....###.......#
#...........##...####.###
.............#.#.####...#
...............).o.##...#
...............)@.......#
...............S...#....#
..............##.####...#
..............#### #...#
.............## #####
#.....#.....##
########...## ###...#####
#.........#


You could see an orc warrior and a water moccasin.

Vanquished Creatures
  Sigmund (D:2)
  An ice beast (D:5)
  2 ogres
  A centaur (D:5)
  A big kobold (D:4)
  A howler monkey (D:4)
  A crimson imp (D:5)
  2 hounds
  2 orc priests (D:3)
  A centaur skeleton (D:4)
  2 jellies (D:5)
  A bullfrog skeleton (D:4)
  Terence (D:2)
  3 orc wizards
  5 worker ants
  A hound skeleton (D:4)
  Robin (D:3)
  10 adders
  2 gnolls (D:5)
  A shadow imp (D:5)
  An adder zombie (D:5)
  An adder skeleton (D:5)
  3 worms
  7 dart slugs
  5 leopard geckos
  16 orcs
  14 giant cockroaches
  11 hobgoblins
  10 jackals
  2 quokkas
  3 ball pythons
  9 bats
  5 frilled lizards
  14 goblins
  A jackal skeleton (D:5)
  13 kobolds
  A leopard gecko zombie (D:5)
  A quokka zombie (D:5)
  8 rats
165 creatures vanquished.

Notes
Turn   | Place    | Note
-------+----------+-------------------------------------------
     0 | D:1      | Hebeh the Minotaur Fighter began the quest for the Orb.
     0 | D:1      | Reached XP level 1. HP: 19/19 MP: 0/0
     6 | D:1      | Noticed a hound
     6 | D:1      | Noticed a water moccasin
     6 | D:1      | Noticed a worker ant
     7 | D:1      | Noticed a lindwurm
     7 | D:1      | Noticed a swamp drake
   128 | D:1      | Reached XP level 2. HP: 27/27 MP: 1/1
   685 | D:1      | Reached skill level 3 in Axes
   912 | D:1      | Reached XP level 3. HP: 33/33 MP: 2/2
  1032 | D:2      | Noticed Terence
  1036 | D:2      | Killed Terence
  1067 | D:2      | Reached XP level 4. HP: 38/40 MP: 3/3
  1219 | D:2      | Found a shattered altar of Ashenzari.
  1305 | D:2      | Reached skill level 4 in Axes
  1315 | D:2      | Found a snail-covered altar of Cheibriados.
  1483 | D:2      | Noticed Sigmund
  1495 | D:2      | Killed Sigmund
  1495 | D:2      | Reached skill level 5 in Axes
  1495 | D:2      | Reached skill level 1 in Dodging
  1495 | D:2      | Reached XP level 5. HP: 41/47 MP: 4/4
  1495 | D:2      | Reached XP level 6. HP: 47/53 MP: 5/5
  1980 | D:2      | Found an ancient bone altar of Kikubaaqudgha.
  2268 | D:3      | Noticed Robin
  2277 | D:3      | Reached skill level 5 in Armour
  2280 | D:3      | Killed Robin
  2293 | D:3      | Found a basalt altar of Yredelemnul.
  2439 | D:3      | Reached skill level 1 in Stealth
  2593 | D:3      | Reached skill level 6 in Axes
  2698 | D:3      | Found an iron altar of Okawaru.
  2860 | D:3      | Found a shimmering altar of Xom.
  3155 | D:4      | Reached XP level 7. HP: 57/60 MP: 6/6
  3172 | D:4      | Found a shadowy altar of Dithmenos.
  3398 | D:4      | Reached skill level 5 in Shields
  3426 | D:4      | Reached skill level 5 in Fighting
  3497 | D:4      | Reached skill level 7 in Axes
  4093 | D:5      | Entered Level 5 of the Dungeon
  4189 | D:5      | Found a staircase to the Ecumenical Temple.
  4219 | Temple   | Entered the Ecumenical Temple
  4223 | Temple   | Reached XP level 8. HP: 43/69 MP: 7/7
  4402 | Temple   | Became a worshipper of Trog the Wrathful
  4493 | D:5      | Reached skill level 8 in Axes
  5283 | D:6      | HP: 2/70 [orc warrior/long sword of electrocution (19)]
  5284 | D:5      | Succumbed to a water moccasin's poison

Vault maps used:
D:1:      onia_arrival_zoo_common
D:2:      minmay_roachtagon, lemuel_coloured_pillars_altar, lemuel_round_altar,
          kennysheep_slug_shrine, serial_bayou, serial_bayou_lagoon_b,
          serial_bayou_crossing, serial_bayou_shore_b, serial_bayou_pond_e,
          uniq_sigmund, uniq_terence
D:3:      nicolae_overflow_crystal_walls, old_standard_altar,
          kennysheep_okawaru_gauntlet, grunt_decor_fettered, uniq_robin
D:4:      cheibrodos_thug_alley, kennysheep_mini_moat, hangedman_decor_growths
D:5:      minmay_temple_entry_mist, first_ration
D:6:      marbit_many_paths, nicolae_ossuary_entry_catacombs,
          uniq_prince_ribbit1
Temple:   nicolae_temple_hex_pool

Skill      XL: |  1  2  3  4  5  6  7  8 |
---------------+-------------------------+-----
Armour         | 4 5 6 |  6.7
Fighting       | 4 5 6 |  6.1
Axes           | 3 5 6 7 8 |  8.5
Shields        | 4 5 6 |  6.1
Dodging        | 1 |  1.5
Stealth        | 1 |  1.1

Action                   |  1- 3 |  4- 6 |  7- 9 || total
-------------------------+-------+-------+-------++-------
Melee: War axe           |    47 |       |     3 ||    50
       Headbutt          |     3 |    29 |    27 ||    59
       Hand axe          |    10 |   157 |   176 ||   343
  Use: Scroll            |       |       |    11 ||    11
  Eat: Chunk             |       |     4 |     7 ||    11
       Ration            |       |     1 |       ||     1
Armor: Scale mail        |    28 |    46 |    57 ||   131
Dodge: Dodged            |    15 |    30 |    30 ||    75
Block: Shield            |    19 |    77 |    76 ||   172

Table legend:
 A = Spawn XP
 B = Non-spawn XP
 C = Spawn XP percentage of total XP
 D = Spawn monster count
 E = Non-spawn monster count
 F = Spawn count percentage of total count
 G = Total turns spent on level
                    A         B        C        D         E        F      G
               +---------+---------+-------+---------+---------+-------+---------
         Total |       0 |    2039 |   0.0 |       0 |     165 |   0.0 |  5284
               +---------+---------+-------+---------+---------+-------+---------
           D:1 |       0 |      43 |   0.0 |       0 |      21 |   0.0 |  1021
           D:2 |       0 |     363 |   0.0 |       0 |      31 |   0.0 |  1132
           D:3 |       0 |     257 |   0.0 |       0 |      40 |   0.0 |   924
           D:4 |       0 |     657 |   0.0 |       0 |      46 |   0.0 |  1184
           D:5 |       0 |     589 |   0.0 |       0 |      22 |   0.0 |   788
           D:6 |       0 |       9 |   0.0 |       0 |       4 |   0.0 |    32
        Temple |       0 |     121 |   0.0 |       0 |       1 |   0.0 |   203
               +---------+---------+-------+---------+---------+-------+---------
